 Dungeon Sprint DCSS version bcrawl-1.15.1 (webtiles) character file.

Game seed: 5834169169399659835

133 Kerapac the Magician (level 5, -6/38 HPs)
             Began as an Oni Ice Elementalist on Oct 3, 2019.
             Was an Initiate of Sif Muna.
             Killed from afar by a deep elf mage (35 damage)
             ... with a bolt of negative energy
             ... in the Dungeon (Sprint III: "The Ten Rune Challenge").
             The game lasted 00:03:16 (1231 turns).

Kerapac the Magician (Oni Ice Elementalist)         Turns: 1231, Time: 00:03:17

Health: -6/38      AC:  2    Str: 11    XL:     5   Next: 16%
Magic:  1/16       EV: 12    Int: 18    God:    Sif Muna [......]
Gold:   18         SH:  0    Dex: 11    Spells: 6/18 levels left

rFire    . . .     SeeInvis .   (no weapon)
rCold    . . .     Gourm    .   (no shield)
rNeg     . . .     Faith    .   a - +0 animal skin
rPois    .         Spirit   .   (helmet restricted)
rElec    .         Reflect  .   (no cloak)
rCorr    .         Harm     .   (no gloves)
MR       .....     NoTele   +   (no boots)
Stlth    ++........             (no amulet)
HPRegen  0.12/turn              (no ring)
MPRegen  0.15/turn              (no ring)

@: drained
A: oni magic, claws 1, fangs 1, horns 1
a: Divine Energy, Renounce Religion


You were in the Dungeon.
You worshipped Sif Muna.
Sif Muna was noncommittal.
You were hungry.

You visited 1 branch You collected 18 gold pieces.

Inventory:

Missiles
 b - 136 tomahawks (quivered)
Armour
 a - a +0 animal skin (worn)
Wands
 c - a wand of iceblast (1)
Scrolls
 j - a scroll of blinking
 m - a scroll of torment {unknown}
 n - 2 scrolls of identify {unknown}
 o - 2 scrolls of remove curse
 q - a scroll of immolation {unknown}
 r - a scroll of fear {unknown}
Potions
 g - a potion of haste
 h - 2 potions of magic
 i - a potion of berserk rage
 k - 2 potions of resistance {unknown}
 l - 4 potions of mutation
 p - a potion of might {unknown}
 s - a potion of ambrosia {unknown}
Comestibles
 d - 4 rations {!d}
 f - 3 chunks of flesh


   Skills:
 - Level 1.7(1.1) Dodging
 - Level 1.7(1.1) Stealth
 + Level 7.0(6.3) Spellcasting


You had 6 spell levels left.
You knew the following spells:

 Your Spells              Type           Power        Failure   Level  Hunger
a - Freeze                Ice            ####..       1%          1    None
b - Beastly Appendage     Tmut           ####..       1%          1    None
c - Summon Ice Beast      Ice/Summ       ####....     9%          4    ####...
d - Throw Icicle          Conj/Ice       ####....     9%          4    ####...
e - Swiftness             Chrm/Air       ####....     1%          2    None

Your spell library contained the following spells:

 Spells                   Type           Power        Failure   Level  Hunger
 Throw Frost              Conj/Ice       ####..       1%          2    None
 Ozocubu's Armour         Chrm/Ice       ####....     2%          3    ##.....


Dungeon Overview and Level Annotations

Branches:
Dungeon (1/1)

Altars:
Elyvilon
Kikubaaqudgha
Sif Muna
Vehumet
Zin
The Shining One


Innate Abilities, Weirdness & Mutations

You learn spells by gaining experience, not through books or religion.
You only train spellcasting to practice magic.
You have sharp fingernails.
You have very sharp teeth.
You have a pair of small horns on your head.


Message History

Aim: a deep elf mage, wielding a +1 long sword of holy wrath Attack!
Your ice beast disappears in a puff of smoke!
Your ice beast hits the deep elf mage.
Your ice beast freezes the deep elf mage!
Casting: Summon Ice Beast (safe; 6% risk of failure)
Confirm with . or Enter, or press ? or * to list all spells.
A chill wind blows around you.
The deep elf mage hits your ice beast but does no damage.
Your ice beast closely misses the deep elf mage.
You swap places.
The deep elf mage gestures at you while chanting.
The bolt of negative energy hits your ice beast.
Your ice beast is drained!
The bolt of negative energy hits your ice beast.
Your ice beast is drained!
Your ice beast dies!
The bolt of negative energy hits you!
You feel drained.
Ouch! That really hurt!
You die...

▓▓▓ ▓▓▓ ..#### ##.#####
.....#####..#___#
......#..#..#eY.#
.##...#..#..###'#+###+##
.###..##'#..#...@......#
#)##..###...'.⌠........#
.##..####...#...######+#
.##..###....#.⌠.#
##...##.....#)..#
#....#÷.....#)###
#..##.#.....#.Y:# #..
####....#___# ▓▓▓
▓▓▓▓▓▓▓▓▓▓


You could see a deep elf mage and a friendly ice beast.

Vanquished Creatures
  Jessica (D)
  A human (D)
  A kobold demonologist (D)
  A wolf (D)
  2 oozes (D)
  A rat (D)
7 creatures vanquished.

Vanquished Creatures (collateral kills)
  A water elemental (D)
  A wizard (D)
2 creatures vanquished.

Vanquished Creatures (others)
  2 draconian scorchers (D)
  6 hellions (D)
  A yaktaur (D)
9 creatures vanquished.

Grand Total: 18 creatures vanquished

Notes
Turn   | Place    | Note
-------+----------+-------------------------------------------
     0 | D        | Kerapac the Oni Ice Elementalist began the quest for the
                  | Orb.
     0 | D        | Reached XP level 1. HP: 14/14 MP: 4/4
    15 | D        | Reached skill level 2 in Spellcasting
    38 | D        | Reached skill level 3 in Spellcasting
    38 | D        | Reached XP level 2. HP: 3/20 MP: 0/8
   106 | D        | Killed a hellion
   106 | D        | Killed a hellion
   107 | D        | Killed a hellion
   116 | D        | Killed a hellion
   116 | D        | Killed a hellion
   117 | D        | Killed a hellion
   134 | D        | Killed a white draconian scorcher
   230 | D        | Killed a white draconian scorcher
   323 | D        | Killed a yaktaur
   332 | D        | Learned a level 1 spell: Beastly Appendage
   346 | D        | Noticed Jessica
   780 | D        | Killed Jessica
   780 | D        | Reached skill level 4 in Spellcasting
   780 | D        | Reached XP level 3. HP: 26/26 MP: 7/11
   810 | D        | Reached skill level 5 in Spellcasting
  1093 | D        | Reached XP level 4. HP: 33/33 MP: 9/13
  1102 | D        | Learned a level 4 spell: Summon Ice Beast
  1107 | D        | Learned a level 4 spell: Throw Icicle
  1110 | D        | Learned a level 2 spell: Swiftness
  1130 | D        | Noticed a water elemental
  1136 | D        | Killed a water elemental
  1136 | D        | Reached skill level 6 in Spellcasting
  1196 | D        | Found a radiant altar of Vehumet.
  1196 | D        | Found a shimmering blue altar of Sif Muna.
  1196 | D        | Found an ancient bone altar of Kikubaaqudgha.
  1196 | D        | Noticed a wizard
  1199 | D        | Paralysed by a wizard for 4 turns
  1199 | D        | Killed a wizard
  1199 | D        | Reached XP level 5. HP: 38/38 MP: 8/16
  1208 | D        | Noticed a red devil
  1210 | D        | Reached skill level 7 in Spellcasting
  1216 | D        | Became a worshipper of Sif Muna the Loreminder
  1224 | D        | Found a glowing silver altar of Zin.
  1224 | D        | Found a glowing golden altar of the Shining One.
  1224 | D        | Found a white marble altar of Elyvilon.
  1225 | D        | Noticed a deep elf mage
  1231 | D        | Killed from afar by a deep elf mage

Skill      XL: |  1  2  3  4  5 |
---------------+----------------+-----
Spellcasting   | 3 4 5 6 7 |  7.0
Dodging        | |  1.7
Stealth        | |  1.7

Action                   |  1- 3 |  4- 6 || total
-------------------------+-------+-------++-------
Melee: Unarmed           |     9 |     1 ||    10
 Cast: Freeze            |    16 |     4 ||    20
       Summon Ice Beast  |       |     6 ||     6
  Use: Potion            |     1 |     1 ||     2
  Eat: Chunk             |       |     1 ||     1
Armor: Animal skin       |     2 |       ||     2
Dodge: Dodged            |    14 |     2 ||    16
